 Dungeon Crawl Stone Soup version 0.32-a0-871-ge202e49faa (webtiles) character file.

Game seed: 16844410175891395995

13763 Biggs the Fighter (level 12, 102/105 HPs)
             Began as a Coglin Hunter on Mar 29, 2024.
             Was the Champion of Okawaru.
             Quit the game on level 2 of the Lair of Beasts.
             The game lasted 00:21:44 (11205 turns).

Biggs the Fighter (Coglin Hunter)                  Turns: 11205, Time: 00:21:44

Health: 102/105    AC: 12    Str: 12    XL:     12   Next: 9%
Magic:  12/12      EV: 18    Int:  9    God:    Okawaru [******]
Gold:   401        SH:  0    Dex: 22    Spells: 11/11 levels left

rFire   . . .        c - +3 sling (drain) {Akal}
rCold   . . .        a - +2 sling {Ealdgyð}
rNeg    . . .        I - +1 leather armour {rPois}
rPois   +            g - +2 hat
rElec   .            B - +2 cloak
rCorr   .            J - +2 pair of gloves {infuse}
SInv    .            (no boots)
Will    .....        (amulet unavailable)
Stlth   ++           (ring unavailable)
HPRegen 0.37/turn    (ring unavailable)
MPRegen 0.13/turn    (no gizmo)

%: infuse magic (1 MP)
@: no status effects
A: off-hand wielding, slow wielding, warmup strikes, no jewellery
a: Invent Gizmo, Renounce Religion, Heroism, Finesse, Duel


You were on level 2 of the Lair of Beasts.
You worshipped Okawaru.
Okawaru was exalted by your worship.
You visited 3 branches of the dungeon, and saw 12 of its levels.
You also visited: Ice Cave.

You collected 581 gold pieces.
You spent 180 gold pieces at shops.

Inventory:

Hand Weapons
 a - a +2 sling (offhand) {Ealdgyð}
 c - a +3 sling of draining (weapon) {Akal}
 K - a +1 heavy hand cannon
Missiles
 s - 8 throwing nets
Armour
 g - a +2 hat (worn)
 l - a +0 helmet
 B - a +2 cloak (worn)
 F - a scarf of resistance
 I - a +1 leather armour of poison resistance (worn)
 J - a +2 pair of gloves of infusion (worn)
Wands
 q - a wand of flame (55)
 r - a wand of digging (8)
 u - a wand of polymorph (11)
Scrolls
 b - a scroll of butterflies
 d - 2 scrolls of identify
 m - 2 scrolls of vulnerability
 n - 4 scrolls of summoning
 o - 6 scrolls of teleportation
 t - a scroll of noise
 w - 3 scrolls of fear
 x - a scroll of enchant weapon
 y - 3 scrolls of revelation
 A - a scroll of amnesia
 D - a scroll of torment
 E - 2 scrolls of poison
Potions
 e - a potion of invisibility {unknown}
 f - 7 potions of curing
 h - 3 potions of lignification
 i - 2 potions of resistance
 j - 3 potions of degeneration {unknown}
 k - 2 potions of brilliance {unknown}
 p - 2 potions of attraction
 v - a potion of magic {unknown}
 z - 5 potions of might {unknown}
 C - a potion of enlightenment {unknown}
 G - a potion of berserk rage {unknown}
 H - 6 potions of haste {unknown}


   Skills:
 + Level 13.5 Fighting
 - Level 8.2 Ranged Weapons
 - Level 10.5 Dodging
 - Level 0.7 Stealth


You had 11 spell levels left.
You didn't know any spells.
Your spell library contained the following spells:

 Spells                   Type           Power      Damage    Failure   Level
 Apportation              Tloc           0%         N/A       45%         1
 Cigotuvi's Dreadful Rot  Necr/Alch/Air  0%         N/A       61%         2
 Dispel Undead            Necr           0%         3d6       99%         4
 Martyr's Knell           Necr/Summ      Unusable   N/A       N/A         4

Dungeon Overview and Level Annotations

Branches:
Dungeon (9/15)             Temple (1/1) D:4            Lair (2/5) D:9
  IceCv (visited)
  Swamp: Lair:2-3    Shoals: Lair:2-3     Snake: Lair:2-3    Spider: Lair:2-3
    Orc: D:9-12

Altars:
Ashenzari
Cheibriados
Dithmenos
Elyvilon
Fedhas
Gozag
Hepliaklqana
Kikubaaqudgha
Makhleb
Okawaru
Qazlal
Ru
Sif Muna
Trog
Uskayaw
Vehumet
Wu Jian
Xom
Yredelemnul
Zin
The Shining One

Shops:
D:3 **=?   D:5 *   D:9 (

Annotations:
D:7 3 runed translucent doors, Rudyous's ghost, novice DsCj
D:8 1 runed translucent door


Innate Abilities, Weirdness & Mutations

You can wield a second weapon in your off-hand.
It takes a long time for you to wield or remove held weapons.
Your first few attacks do less damage.
You cannot equip rings or amulets.


Message History

You shoot a sling bullet. The sling bullet hits the elephant!
You kill the elephant!
Okawaru accepts your kill.
You shoot a sling bullet.
The sling bullet closely misses the naga.
You shoot a sling bullet.
The sling bullet barely misses the naga.
You shoot a sling bullet. The sling bullet hits the naga.
The naga is moderately wounded.
Unknown command.
Unknown command.
Unknown command.
You shoot a sling bullet. The sling bullet hits the naga!
The naga is severely wounded.
You shoot a sling bullet.
The sling bullet closely misses the naga.
The naga hits you with a +0 scimitar. The naga misses you.
You shoot a sling bullet. The sling bullet hits the naga.
You drain the naga.
You kill the naga!
Okawaru accepts your kill.
You shoot a sling bullet.
Unknown command.
No target in view!
Unknown command.
No target in view!
Unknown command.
Okawaru offers you a choice of armour! Something appears at your feet!
J - a +2 pair of gloves of infusion You start putting on your armour.
You continue putting on your +2 pair of gloves of infusion. x4
You finish putting on your +2 pair of gloves of infusion.
You feel magic pooling in your graspers.
Unknown command.
Okawaru offers you a choice of weapons! Something appears at your feet!
K - a +1 heavy hand cannon
As you read the scroll of identify, it crumbles to dust.
t - a scroll of noise Are you sure you want to abandon this character and quit the game? (Confirm with "yes".)

..P.....##.#..#. ...##........
#...P............#....##.....#P.
#................#...........+..
#...#............ #...##..#...#.
##...........#...###...#.........
#..........#.###.##.....)#...#.#.
................†......#.........
#..#P....................#.#..#P.
>..)(...........@................
..###P...#.##.######.####.###.###
### #...####### ### ### ### #####


There were no monsters in sight!

Vanquished Creatures
  Erolcha (D:9)
  A boulder beetle (Lair:1)
  A fire crab (D:9)
  Pikel (D:6)
  3 elephants (Lair:2)
  A black mamba (Lair:2)
  Joseph (D:7)
  A cane toad (Lair:1)
  2 kobold demonologists (D:6)
  Prince Ribbit (D:5)
  A wyvern (D:5)
  Sigmund (D:5)
  A shadow (D:9)
  A wraith (D:9)
  A spriggan (D:7)
  7 yaks
  A basilisk (Lair:1)
  2 redbacks (D:8)
  A steam dragon (D:8)
  Edmund (D:5)
  A naga (Lair:2)
  An acid dragon (D:9)
  7 water moccasins
  Duvessa (D:5)
  2 sky beasts
  4 orc warriors
  An ice beast (D:8)
  2 ogres (D:6)
  6 wolves (Lair:1)
  4 centaurs
  A lemure (D:6)
  2 kobold brigands
  2 bullfrogs
  5 scorpions
  3 gnoll sergeants (D:5)
  13 wights
  Dowan (D:5)
  12 killer bees
  3 bombardier beetles (D:5)
  2 howler monkeys
  2 electric eels (Lair:1)
  2 jellies
  8 hounds
  A quasit (D:8)
  7 orc priests
  2 sleepcaps (D:6)
  3 gnoll boudas
  Ijyb (D:5)
  Natasha (D:3)
  3 iguanas
  9 orc wizards
  Robin (D:3)
  27 gnolls
  15 adders
  3 shadow imps
  4 white imps (D:8)
  7 ufetubi
  2 dart slugs
  3 ribbon worms
  27 orcs
  4 bats
  7 endoplasms
  5 giant cockroaches
  13 goblins
  14 hobgoblins
  3 jackals (D:5)
  3 quokkas
  9 ball pythons
  6 frilled lizards
  20 kobolds
  5 rats
320 creatures vanquished.

Vanquished Creatures (others)
  Blork the orc (D:5)
1 creature vanquished.

Grand Total: 321 creatures vanquished

Notes
Turn   | Place    | Note
-------+----------+-------------------------------------------
     0 | D:1      | Biggs the Coglin Hunter began the quest for the Orb.
     0 | D:1      | Reached XP level 1. HP: 16/16 MP: 1/1
    84 | D:1      | Reached XP level 2. HP: 22/22 MP: 2/2
   417 | D:2      | Reached XP level 3. HP: 27/27 MP: 3/3
   543 | D:2      | Reached skill level 5 in Ranged Weapons
   545 | D:2      | Reached XP level 4. HP: 33/33 MP: 4/4
   546 | D:2      | Found a faded altar of an unknown god.
   556 | D:2      | Got Plato's Atlas of Superposition
   855 | D:3      | Noticed Natasha
   858 | D:3      | Killed Natasha
   924 | D:3      | Noticed Robin
   928 | D:3      | Killed Robin
   929 | D:3      | Reached XP level 5. HP: 38/38 MP: 5/5
   940 | D:3      | Found Isuloeq's Jewellery Shop.
  1028 | D:3      | Found Vaod's General Store.
  1096 | D:3      | Found a snail-covered altar of Cheibriados.
  1096 | D:3      | Found a stormy altar of Qazlal.
  1188 | D:3      | Found Byarenew's Assorted Antiques.
  1250 | D:3      | Bought a scroll labelled MAV HIUGUTAO for 33 gold pieces
  1250 | D:3      | Bought a scroll labelled NILOS IPHY for 33 gold pieces
  1393 | D:3      | Found Bialol's Magic Scroll Boutique.
  1398 | D:3      | Bought a scroll of identify for 24 gold pieces
  1406 | D:3      | Found a shimmering altar of Xom.
  1642 | D:3      | Found a shimmering blue altar of Sif Muna.
  1959 | D:4      | Found a staircase to the Ecumenical Temple.
  1971 | Temple   | Entered the Ecumenical Temple
  1989 | Temple   | Became a worshipper of Warmaster Okawaru
  2188 | D:4      | Reached XP level 6. HP: 44/44 MP: 6/6
  2206 | D:4      | Found a shadowy altar of Dithmenos.
  2869 | D:5      | Entered Level 5 of the Dungeon
  2873 | D:5      | Noticed a water moccasin
  2885 | D:5      | Killed a water moccasin
  2886 | D:5      | Reached XP level 7. HP: 31/50 MP: 7/7
  3176 | D:5      | Reached * piety under Okawaru
  3183 | D:5      | Noticed Prince Ribbit
  3196 | D:5      | Killed Prince Ribbit
  3203 | D:5      | Reached XP level 8. HP: 51/56 MP: 8/8
  3311 | D:5      | Found an ornate altar of the Wu Jian Council.
  3312 | D:5      | Noticed a wyvern
  3320 | D:5      | Killed a wyvern
  3393 | D:5      | Noticed Blork the orc
  3414 | D:5      | Reached skill level 5 in Dodging
  3417 | D:5      | Killed Blork the orc
  3519 | D:5      | Reached ** piety under Okawaru
  3850 | D:5      | Noticed Sigmund
  3860 | D:5      | Killed Sigmund
  3861 | D:5      | Reached XP level 9. HP: 57/61 MP: 9/9
  3950 | D:5      | Noticed Duvessa
  3952 | D:5      | Noticed Edmund
  3953 | D:5      | Noticed Dowan
  3962 | D:5      | Killed Duvessa
  3970 | D:5      | Killed Edmund
  3976 | D:5      | Killed Dowan
  4204 | D:5      | Noticed Ijyb
  4214 | D:5      | Killed Ijyb
  4240 | D:5      | Found Irroromn's General Store.
  4344 | D:3      | Bought a scroll of blinking for 90 gold pieces
  4976 | D:6      | Reached *** piety under Okawaru
  5289 | D:6      | Noticed a kobold demonologist
  5327 | D:6      | Killed a kobold demonologist
  5348 | D:6      | Noticed Pikel
  5355 | D:6      | Killed Pikel
  5356 | D:6      | Reached skill level 10 in Dodging
  5356 | D:6      | Reached XP level 10. HP: 42/67 MP: 10/10
  5449 | D:6      | Noticed a kobold demonologist
  5466 | D:6      | Noticed a rust devil
  5473 | D:6      | Reached **** piety under Okawaru
  5479 | D:6      | Killed a kobold demonologist
  5480 | D:6      | Reached skill level 4 in Fighting
  6025 | D:7      | Noticed Joseph
  6033 | D:7      | HP: 1/61 [Joseph/sling bullet (7)]
  6501 | D:7      | Reached skill level 5 in Fighting
  6754 | D:7      | Noticed Rudyous's ghost (novice DsCj)
  6850 | D:7      | Found a runed translucent gate.
  6851 | D:7      | Found a runed translucent gate.
  6852 | D:7      | Found a runed translucent gate.
  6879 | D:7      | Reached skill level 6 in Fighting
  6929 | D:7      | Killed Joseph
  7350 | D:8      | Found the +9 staff of Olgreb {rPois∞}
  7377 | D:8      | Found a runed translucent gate.
  7377 | D:8      | Found a runed translucent gate.
  7446 | D:8      | Reached skill level 7 in Fighting
  7602 | D:8      | Reached ***** piety under Okawaru
  7616 | D:8      | Reached skill level 8 in Fighting
  7810 | D:8      | Found a runed translucent door.
  7823 | D:8      | Found a runed translucent gate.
  7877 | D:8      | Found a runed translucent door.
  8573 | D:8      | Reached skill level 9 in Fighting
  8599 | D:8      | Reached XP level 11. HP: 88/89 MP: 11/11
  8881 | D:9      | Noticed a fire crab
  8890 | D:9      | Killed a fire crab
  8891 | D:9      | Reached skill level 10 in Fighting
  9161 | D:9      | Found a staircase to the Lair.
  9328 | D:9      | Found Ruputagh's Weapon Boutique.
  9606 | D:9      | Noticed Erolcha
  9614 | D:9      | Reached skill level 11 in Fighting
  9619 | D:9      | Killed Erolcha
  9972 | D:9      | Found a blossoming altar of Fedhas.
 10038 | Lair:1   | Entered Level 1 of the Lair of Beasts
 10064 | Lair:1   | Received a gift from Okawaru
 10162 | Lair:1   | Reached skill level 12 in Fighting
 10643 | Lair:1   | Noticed a boulder beetle
 10679 | Lair:1   | Killed a boulder beetle
 11083 | Lair:2   | Found a frozen archway.
 11090 | IceCv    | Entered an ice cave
 11115 | Lair:2   | Reached ****** piety under Okawaru
 11116 | Lair:2   | Reached skill level 13 in Fighting
 11162 | Lair:2   | Received a gift from Okawaru
 11163 | Lair:2   | Reached XP level 12. HP: 94/105 MP: 12/12
 11195 | Lair:2   | Acquired a +2 pair of gloves of infusion
 11195 | Lair:2   | Received a gift from Okawaru
 11202 | Lair:2   | Acquired a +1 heavy hand cannon
 11202 | Lair:2   | Received a gift from Okawaru
 11205 | Lair:2   | Quit the game

Illustrated notes

Levels and vault maps discovered:
D:1:      minmay_arrival_hallway, layout_rooms, chequers_serial_rivers_small_b
D:2:      layout_basic, shapermc_ecumenical_altar_rom_forum,
          kennysheep_generic_room_7
D:3:      layout_basic, gammafunk_temple_overflow_wave,
          mainiacjoe_overflow_big_doors, serial_shops,
          nicolae_shop_just_a_little_nook, shop, shop, shop,
          hangedman_decor_growths, uniq_natasha, uniq_robin
D:4:      layout_basic, lemuel_crystal_altar,
          minmay_temple_entry_statues_pillars
D:5:      layout_cave_pools, mainiacjoe_overflow_small_starburst,
          serial_gnoll_camp, gnoll_camp_huts_moat, gnoll_camp_medium_01,
          gnoll_camp_mini_hut, gnoll_camp_mini_shop, uniq_blork_the_orc,
          uniq_duvessa, uniq_sigmund, uniq_prince_ribbit1, uniq_edmund,
          uniq_ijyb
D:6:      layout_basic, hangedman_abyss_or_decor_slice, nicolae_zen_rock_garden,
          reono_crystal_passage, uniq_pikel
D:7:      layout_basic, gammafunk_ghost_icy, the_hattery, uniq_joseph
D:8:      layout_basic, serial_demonic, serial_demonic_d, serial_demonic_a,
          serial_demonic_c, serial_demonic_g, serial_demonic_e,
          minmay_guarded_unrand_staff_of_olgreb
D:9:      layout_long_grid, fedhas_altar_fruit_tree, minmay_lair_entry_lava,
          serial_shops, nicolae_shop_advertising_works
          [nicolae_subvault_shop_adworks], minmay_circle_x, uniq_erolcha
Temple:   jpeg_temple_clearing
Lair:1:   layout_loops_ring, nicolae_quartered_pool_impasse,
          serial_bayou_ford_a, st_stairs_13, nzn_sisyphean_effort
Lair:2:   layout_regular_city, skrybe_swamp_entry_bodies,
          guppyfry_snake_entry_garden, portal_ice_cave_entry_pillars_1,
          kennysheep_snail_temple, uniq_fannar

Skill      XL: |  1  2  3  4  5  6  7  8  9 10 11 |
---------------+----------------------------------+-----
Ranged Weapons | 4 5 6 7 8 |  8.2
Dodging        | 3 7 10 | 10.5
Fighting       | 9 13 | 13.5
Stealth        | |  0.7

Action                     |  1- 3 |  4- 6 |  7- 9 | 10-12 || total
---------------------------+-------+-------+-------+-------++-------
  Melee: Sling             |       |    12 |       |     4 ||    16
   Fire: Sling             |   148 |   322 |   686 |  1128 ||  2284
 Invoke: Receive Weapon    |       |       |       |     1 ||     1
         Receive Armour    |       |       |       |     1 ||     1
  Evoke: Wand              |       |       |    11 |       ||    11
    Use: Potion            |       |     2 |       |     4 ||     6
         Scroll            |       |       |     7 |     9 ||    16
 Armour: Leather armour    |     8 |    40 |    35 |    59 ||   142
         Skin              |       |     2 |       |    11 ||    13
         Ring mail         |       |       |    65 |   117 ||   182
  Dodge: Dodged            |     8 |    26 |   124 |   255 ||   413

Table legend: (Time is in decaauts)
 A = Elapsed time spent in this place.
 B = Non-inter-level travel time spent in this place.
 C = Inter-level travel time spent in this place.
 D = Time resting spent in this place.
 E = Time spent auto-exploring this place.
 F = Levels seen in this place.
 G = Mean time per level.
                   A        B        C        D        E       F      G
               +--------+--------+--------+--------+--------+-----+--------+
         Total |  11339 |  10837 |    502 |    831 |   7952 |  13 |  872.2 |
       Dungeon |  10135 |   9681 |    454 |    828 |   7047 |   9 | 1126.1 |
        Temple |     36 |      2 |     34 |      0 |      0 |   1 |   36.0 |
          Lair |   1160 |   1146 |     14 |      3 |    905 |   2 |  580.0 |
      Ice Cave |      7 |      7 |      0 |      0 |      0 |   1 |    7.0 |
               +--------+--------+--------+--------+--------+-----+--------+

Top non-repeatable levels by time:
     D:5: 2079 daAuts
     D:8: 1776 daAuts
     D:6: 1133 daAuts
     D:7: 1120 daAuts
     D:3: 1095 daAuts
     D:4: 1095 daAuts
  Lair:1: 1039 daAuts
     D:9: 962 daAuts
     D:2: 462 daAuts
     D:1: 409 daAuts
  Lair:2: 120 daAuts
  Temple: 36 daAuts
   IceCv: 7 daAuts
